 Dungeon Crawl Stone Soup version 0.20.1-1-g8b1a95d (webtiles) character file.

81 Timinator the Insei (level 4, -9/34 HPs)
             Began as a Vampire Monk on Aug 30, 2017.
             Killed by divine providence
             ... invoked by an orc priest
              (15 damage)
             ... on level 4 of the Dungeon.
             The game lasted 00:30:33 (1882 turns).

Timinator the Insei (Vampire Monk)                  Turns: 1882, Time: 00:30:34

Health: -9/34      AC:  6    Str: 10    XL:     4   Next: 19%
Magic:  4/4        EV: 12    Int: 10    God:
Gold:   150        SH:  0    Dex: 19    Spells: 3/3 levels left

rFire    + . .     SeeInvis +     - Unarmed
rCold    + . .     Gourm    .   (no shield)
rNeg     + . .     Faith    .   l - +0 ring mail
rPois    +         Spirit   .   (no helmet)
rElec    +         Reflect  .   (no cloak)
rCorr    +         Harm     .   k - +0 pair of gloves
MR       +....                  (no boots)
Stlth    ++........             (no amulet)
Regen    0.2/turn               (no ring)
MPRegen  0.1/turn               (no ring)

@: resistant, hasted, very quick
A: fangs 3, see invisible, agile 1, dopey 1, magic resistance 1, unbreathing
a: Bat Form


You were on level 4 of the Dungeon.
You were not thirsty.

You visited 1 branch of the dungeon, and saw 4 of its levels.

You collected 150 gold pieces.

Inventory:

Hand Weapons
 d - a cursed -3 hand axe
Armour
 a - a +0 robe
 k - a +0 pair of gloves (worn)
 l - a +0 ring mail (worn)
 p - a cursed -1 ring mail
Jewellery
 q - a cursed ring of loudness
Scrolls
 c - 4 scrolls of identify
 i - a scroll of teleportation {unknown}
 j - a scroll of recharging {unknown}
 o - a scroll of immolation {unknown}
 r - 2 scrolls of amnesia {unknown}
 t - 2 scrolls of remove curse {unknown}
Potions
 b - 13 potions of blood
 g - a potion of lignification {unknown}
 h - a potion of ambrosia {unknown}
 m - a potion of brilliance {unknown}
 n - a potion of invisibility {unknown}
 s - a potion of haste
 u - a potion of heal wounds {unknown}
 v - a potion of magic {unknown}


   Skills:
 + Level 2.9 Fighting
 * Level 1.0 Armour
 * Level 4.1 Dodging
 - Level 3.0 Stealth
 + Level 4.4 Unarmed Combat


You had 3 spell levels left.
You didn't know any spells.

Dungeon Overview and Level Annotations

Branches:
Dungeon (4/15)
 Temple: D:4-7

Altars:


Innate Abilities, Weirdness & Mutations

You have razor-sharp teeth.
You have supernaturally acute eyesight. (SInv)
You can survive without breathing.
You are agile. (Dex +2)
You are dopey. (Int -2)
You are resistant to hostile enchantments. (MR+)


Message History

The orc wizard closely misses you.
Your ring mail prevents you from hitting the orc wizard.
The orc wizard is lightly wounded.
The orc wizard hits you with a dagger.
* * * LOW HITPOINT WARNING * * *
The orc priest looks satisfied for a moment.
You hit the orc wizard but do no damage.
The orc wizard is lightly wounded.
The orc wizard hits you with a dagger.
* * * LOW HITPOINT WARNING * * *
The orc wizard mumbles some strange words.
The orc wizard blinks!
You barely miss the orc wizard.
The orc wizard is lightly wounded.
The orc wizard misses you.
You fail to use your ability.
The orc wizard hits you with a dagger.
* * * LOW HITPOINT WARNING * * *
The orc priest calls down the wrath of Beogh upon you.
Beogh smites you!
You die...

...... ...... ......#
....... .......
.....o.
#.o.###############
#.ooo@...........<#
......################
..... .... ... .. .


You could see 2 orc priests, an orc wizard and 2 orcs.

Vanquished Creatures
  3 adders
  An ooze (D:2)
  3 leopard geckos
  An orc (D:3)
  2 ball pythons (D:3)
  6 bats
  A giant cockroach (D:2)
  5 goblins
  4 hobgoblins
  7 jackals
  A quokka (D:2)
  A frilled lizard (D:3)
  3 kobolds
  3 rats
41 creatures vanquished.

Vanquished Creatures (others)
  4 toadstools (D:1)
4 creatures vanquished.

Grand Total: 45 creatures vanquished

Notes
Turn   | Place    | Note
-------+----------+-------------------------------------------
     0 | D:1      | Timinator the Vampire Monk began the quest for the Orb.
     0 | D:1      | Reached XP level 1. HP: 17/17 MP: 1/1
   536 | D:1      | Reached XP level 2. HP: 19/23 MP: 2/2
   774 | D:2      | Reached XP level 3. HP: 24/28 MP: 3/3
  1474 | D:3      | Reached XP level 4. HP: 28/34 MP: 4/4
  1497 | D:3      | Reached skill level 1 in Armour
  1874 | D:4      | Gained mutation: You have a somewhat thin skeletal structure. (Dex +2, Stealth) [potion of mutation]
  1874 | D:4      | Gained mutation: Your body sometimes deteriorates upon taking damage. [potion of mutation]
  1874 | D:4      | Gained mutation: You are dopey. (Int -2) [potion of mutation]
  1874 | D:4      | Gained mutation: You are robust. (+10% HP) [potion of mutation]
  1875 | D:4      | Lost mutation: You are dopey. (Int -2) [potion of mutation]
  1875 | D:4      | Lost mutation: You are robust. (+10% HP) [potion of mutation]
  1875 | D:4      | Lost mutation: Your body sometimes deteriorates upon taking damage. [potion of mutation]
  1875 | D:4      | Lost mutation: You have a somewhat thin skeletal structure. (Dex +2, Stealth) [potion of mutation]
  1875 | D:4      | Gained mutation: You are dopey. (Int -2) [potion of mutation]
  1875 | D:4      | Gained mutation: You are agile. (Dex +2) [potion of mutation]
  1875 | D:4      | Gained mutation: You are resistant to hostile enchantments. (MR+) [potion of mutation]
  1882 | D:4      | Killed from afar by an orc priest

Skill      XL: |  1  2  3  4 |
---------------+-------------+-----
Unarmed Combat | 4 |  4.4
Dodging        | 4 |  4.1
Armour         | 1 |  1.0
Fighting       | |  2.9
Stealth        | |  3.0

Action                   |  1- 3 |  4- 6 || total
-------------------------+-------+-------++-------
Melee: Unarmed           |   135 |    29 ||   164
       Bite              |     7 |     1 ||     8
       Punch             |     2 |       ||     2
  Use: Scroll            |     2 |       ||     2
       Potion            |       |     4 ||     4
 Stab: Sleeping          |     4 |       ||     4
  Eat: Corpse            |     8 |     1 ||     9
Armor: Robe              |     8 |       ||     8
       Ring mail         |    18 |    12 ||    30
Dodge: Dodged            |   111 |    17 ||   128
